Map: Ephemeron LE

Players

MikeHawk - Winner!

  • Race: Terran Terran
  • League: Master
  • Spawn Location: 5:00

xzidez

  • Race: Protoss Protoss
  • League: Master
  • Spawn Location: 11:00

VOD

Have the link to the VOD?

Description

Time

  • Played on: Dec. 20, 2019, 10:33 a.m.
  • Length: 7:30
Show
View Real Time Build Order
Export as new Build Order

MikeHawk Terran - Winner!

Build Orders: Reaper Expand 

Get SALT Encoding   

  12  0:00  SCV  
  13  0:13  SCV  
  14  0:18  Supply Depot  
  14  0:25  SCV  
  15  0:39  SCV  
  15  0:41  Barracks  
  16  0:43  Refinery  
  16  0:51  SCV  
  17  1:03  SCV  
  18  1:16  SCV  
  19  1:28  Orbital Command, Reaper  
  20  1:41  Command Center  
  20  1:50  Supply Depot  
  20  1:53  SCV  
  21  1:59  Marine  
  22  2:05  SCV  
  23  2:11  Factory  
  23  2:17  SCV, Refinery  
  23  2:21  Barracks Reactor  
  25  2:30  SCV  
  25  2:42  SCV  
  26  2:54  SCV  
  26  2:58  Orbital Command  
  27  3:00  Marine x2  
  27  3:01  Widow Mine  
  27  3:03  Starport  
  31  3:06  SCV  
  31  3:18  SCV, Marine x2  
  34  3:22  Widow Mine  
  34  3:24  SCV  
  37  3:34  SCV  
  37  3:36  Marine x2  
  37  3:37  SCV  
  37  3:40  Supply Depot, Medivac  
  41  3:44  Widow Mine  
  41  3:46  Bunker, SCV  
  44  3:49  SCV  
  44  3:52  Barracks  
  45  3:58  SCV  
  45  4:01  SCV  
  47  4:02  Supply Depot  
  47  4:03  Marine x2  
  49  4:10  SCV  
  49  4:13  SCV  
  51  4:18  Barracks, Engineering Bay  
  51  4:20  Factory Tech Lab, Starport Tech Lab  
  51  4:22  SCV  
  52  4:25  SCV  
  52  4:26  Marine x2  
  52  4:30  Supply Depot  
  55  4:34  SCV  
  55  4:38  SCV, Refinery  
  57  4:44  Terran Infantry Weapons Level 1  
  57  4:45  Stimpack  
  57  4:46  SCV  
  57  4:47  Marine x2  
  57  4:50  SCV  
  57  4:51  Supply Depot  
  61  4:53  Marauder  
  61  4:59  SCV  
  64  5:02  SCV  
  65  5:08  Marine x2  
  65  5:10  Starport Reactor, Factory Reactor  
  65  5:12  SCV  
  67  5:14  SCV, Refinery, Supply Depot, Marauder  
  67  5:20  Combat Shield, Marauder  
  71  5:26  Marine x2  
  73  5:29  SCV x2  
  73  5:32  Missile Turret  
  75  5:36  Marauder  
  75  5:37  Supply Depot  
  75  5:42  Marauder  
  79  5:43  Supply Depot  
  79  5:46  Marine x2  
  79  5:48  Medivac x2  
  85  5:59  Widow Mine x2  
  85  6:00  Supply Depot, Marauder  
  85  6:03  Marauder, Marine  
  94  6:04  Marine  
  94  6:10  Supply Depot  
  95  6:18  Medivac  
  97  6:21  Medivac, Marine  
  97  6:22  Marauder, Marine  
  97  6:24  Marauder  
  105  6:29  Widow Mine x2  
  109  6:33  Supply Depot  
  109  6:36  Concussive Shells  
  109  6:44  Marine x2  
  109  6:46  Command Center  
  111  6:48  Medivac, Marauder  
  111  6:50  Marauder  
  111  6:53  Supply Depot  
  113  7:09  Widow Mine x2  
Show
View Real Time Build Order
Export as new Build Order

xzidez Protoss 

Build Orders: 1 Gate Expand, Blink Stalkers, Colossus Rush 

Get SALT Encoding   

  12  0:01  Probe  
  13  0:13  Probe  
  14  0:20  Pylon  
  14  0:25  Probe  
  15  0:38  Probe  
  15  0:39  Gateway  
  16  0:43  Assimilator  
  16  0:50  Probe (Chrono Boost)  
  17  0:59  Probe (Chrono Boost)  
  18  1:04  Probe (Chrono Boost)  
  19  1:16  Probe  
  20  1:23  Nexus  
  20  1:29  Probe  
  21  1:35  Cybernetics Core  
  21  1:41  Probe  
  22  1:47  Pylon  
  22  1:53  Probe  
  23  1:57  Assimilator  
  23  2:05  Probe  
  24  2:09  Stalker (Chrono Boost)  
  24  2:12  Warp Gate  
  26  2:17  Probe  
  27  2:29  Probe  
  28  2:31  Stalker (Chrono Boost)  
  28  2:36  Probe  
  31  2:37  Probe  
  32  2:45  Probe  
  32  2:48  Probe  
  34  2:52  Twilight Council  
  34  2:56  Stalker, Probe  
  37  3:00  Probe  
  38  3:09  Probe  
  38  3:12  Probe  
  40  3:20  Blink (Chrono Boost)  
  40  3:21  Probe  
  40  3:24  Probe  
  42  3:33  Probe  
  43  3:36  Nexus, Probe  
  44  3:43  Robotics Facility  
  44  3:45  Probe  
  45  3:49  Probe  
  45  3:51  Pylon  
  46  4:03  Assimilator  
  46  4:07  Pylon  
  46  4:09  Probe x2  
  48  4:10  Stalker  
  48  4:13  Pylon  
  50  4:19  Pylon  
  50  4:21  Probe x2  
  52  4:25  Gateway  
  52  4:28  Gateway  
  52  4:30  Observer  
  53  4:33  Probe x2  
  53  4:36  Pylon  
  55  4:39  Robotics Bay  
  55  4:45  Probe x2  
  57  4:47  Assimilator  
  57  4:49  Stalker  
  57  4:51  Probe  
  57  4:52  Observer  
  61  4:57  Probe  
  56  5:16  Probe x2  
  56  5:18  Stalker  
  60  5:21  Probe  
  60  5:28  Probe x2  
  63  5:33  Probe  
  64  5:40  Probe x2  
  66  5:45  Pylon  
  66  5:48  Probe  
  67  5:53  Colossus (Chrono Boost)  
  67  5:55  Probe x2  
  67  5:56  Assimilator  
  75  6:03  Probe  
  76  6:07  Probe x2  
  76  6:09  Assimilator  
  78  6:15  Probe  
  79  6:19  Probe x2  
  81  6:27  Probe  
  81  6:28  Forge  
  81  6:30  Forge  
  82  6:32  Gateway  
  82  6:35  Gateway  
  82  6:36  Probe  
  82  6:37  Gateway  
  83  6:40  Gateway  
  83  6:41  Sentry  
  91  6:52  Zealot x2  
  89  7:11  Zealot  
  73  7:16  Zealot x2  
Tags
 
Add a new tag
Caveats
  • Supply blocks, unpowered buildings, or Contaminate may cause inaccurate times.
  • Supply counts are checked every 10 seconds.